Map: Port Aleksander LE

Players

Reynor - Winner!

  • Race: Zerg Zerg
  • Spawn Location: 11:00

Rail

  • Race: Protoss Protoss
  • Spawn Location: 5:00

Event: IEM Season 13: Katowice (2019)

VOD

Have the link to the VOD?

Description

Time

  • Played on: Feb. 26, 2019, 4:33 a.m.
  • Length: 6:56

All games in this series

Show
View Real Time Build Order
Export as new Build Order

Reynor Zerg - Winner!

Build Orders: Hatch First 

Get SALT Encoding   

  12  0:00  Drone  
  13  0:12  Overlord  
  13  0:18  Drone  
  14  0:30  Drone x2  
  16  0:49  Hatchery  
  15  0:52  Drone  
  15  0:56  Drone  
  17  0:59  Drone  
  18  1:10  Extractor  
  17  1:15  Spawning Pool  
  16  1:19  Drone  
  16  1:22  Drone  
  18  1:27  Drone  
  19  1:38  Drone  
  20  1:52  Overlord  
  20  2:02  Zergling x4  
  20  2:03  Queen x2  
  26  2:11  Metabolic Boost  
  26  2:13  Drone  
  27  2:17  Drone  
  27  2:21  Drone  
  27  2:22  Drone  
  30  2:39  Hatchery  
  30  2:41  Drone  
  30  2:43  Drone  
  31  2:45  Drone  
  32  2:53  Overlord  
  32  2:54  Drone  
  32  2:55  Drone  
  34  3:01  Queen  
  36  3:11  Overlord  
  36  3:12  Drone x2  
  37  3:13  Drone  
  37  3:14  Drone  
  37  3:17  Drone  
  37  3:18  Drone  
  41  3:26  Drone  
  42  3:28  Drone  
  43  3:37  Overlord  
  43  3:38  Drone  
  43  3:40  Spore Crawler  
  43  3:48  Zergling x2  
  44  3:50  Queen, Overlord  
  44  3:52  Zergling x8  
  50  3:56  Drone x3  
  50  4:00  Lair  
  53  4:03  Spore Crawler  
  53  4:04  Drone  
  53  4:05  Drone  
  54  4:10  Zergling x2  
  54  4:12  Queen  
  54  4:14  Drone  
  59  4:17  Zergling x4  
  59  4:19  Drone  
  59  4:21  Drone  
  59  4:24  Drone x2  
  64  4:27  Overlord  
  64  4:31  Queen  
  66  4:42  Overlord  
  66  4:47  Zergling x4  
  66  4:48  Zergling x12  
  74  4:57  Overlord  
  73  5:00  Queen, Drone  
  73  5:02  Zergling x10, Nydus Network  
  73  5:06  Zergling x4  
  73  5:07  Zergling x2  
  82  5:10  Overlord  
  81  5:14  Queen  
  81  5:18  Zergling x4  
  81  5:20  Overlord  
  85  5:27  Overlord  
  85  5:29  Zergling x10  
  85  5:34  Evolution Chamber  
  85  5:35  Zergling x2  
  90  5:38  Queen  
  90  5:41  Nydus Canal  
  90  5:43  Zergling x12  
  90  5:48  Zergling x4  
  93  5:53  Nydus Canal  
  93  5:54  Zergling x6  
  94  5:59  Queen  
  95  6:04  Zergling x6  
  97  6:12  Zergling x6  
  97  6:17  Zergling x6  
  102  6:25  Zergling x2  
  97  6:28  Zergling x4  
  97  6:30  Zergling x2  
  97  6:31  Zergling x4  
  93  6:37  Zergling x4  
  93  6:38  Zergling x4  
Show
View Real Time Build Order
Export as new Build Order

Rail Protoss 

Build Orders: 1 Gate Expand, Oracle Opening 

Get SALT Encoding   

  12  0:00  Probe  
  13  0:12  Probe  
  14  0:19  Pylon  
  14  0:24  Probe  
  15  0:33  Probe  
  15  0:40  Gateway  
  15  0:41  Probe  
  16  0:49  Assimilator  
  17  0:54  Probe  
  18  1:06  Probe  
  19  1:18  Probe  
  20  1:25  Nexus  
  20  1:36  Cybernetics Core  
  20  1:39  Probe  
  21  1:47  Assimilator  
  21  1:52  Probe  
  22  1:54  Pylon  
  22  2:03  Probe  
  23  2:11  Probe  
  23  2:12  Stalker  
  25  2:19  Probe  
  26  2:26  Stargate  
  26  2:29  Probe  
  27  2:34  Probe  
  27  2:36  Warp Gate  
  28  2:37  Probe  
  28  2:42  Probe  
  30  2:44  Adept  
  30  2:45  Probe  
  34  2:52  Probe  
  35  2:58  Gateway  
  35  3:02  Probe  
  35  3:04  Probe  
  37  3:11  Oracle  
  40  3:14  Probe  
  40  3:16  Probe  
  42  3:22  Pylon  
  42  3:25  Probe, Assimilator  
  42  3:26  Probe  
  43  3:28  Assimilator  
  44  3:36  Adept  
  44  3:38  Probe  
  44  3:40  Probe  
  48  3:51  Pylon, Probe, Oracle  
  48  3:52  Probe  
  53  4:03  Nexus  
  53  4:09  Robotics Facility  
  53  4:12  Probe  
  53  4:13  Probe  
  55  4:17  Robotics Facility  
  55  4:20  Pylon  
  55  4:25  Probe  
  55  4:26  Probe  
  57  4:35  Shield Battery  
  57  4:37  Probe  
  58  4:39  Adept  
  58  4:40  Sentry  
  58  4:42  Pylon  
  62  4:47  Immortal, Probe  
  63  4:53  Pylon  
  63  4:57  Immortal  
  66  5:03  Stalker  
  72  5:11  Stalker  
  72  5:12  Probe  
  75  5:16  Probe  
  75  5:18  Probe  
  77  5:24  Twilight Council  
  77  5:25  Forge, Probe x2  
  78  5:28  Observer  
  78  5:32  Probe  
  78  5:33  Probe  
  81  5:36  Immortal  
  81  5:37  Immortal, Probe  
  90  5:53  Zealot  
  81  5:58  Zealot  
  83  6:05  Immortal  
  83  6:07  Immortal, Gateway  
  83  6:15  Zealot  
  93  6:19  Zealot  
  84  6:34  Shield Battery  
  84  6:38  Zealot  
  67  6:40  Zealot  

Tags
 
Add a new tag
Caveats
  • Supply blocks, unpowered buildings, or Contaminate may cause inaccurate times.
  • Supply counts are checked every 10 seconds.